 Dungeon Crawl Stone Soup version 0.21-a0-528-gf531e82 (webtiles) character file.

56 slep the Ducker (level 3, -14/27 HPs)
             Began as a Demonspawn Gladiator on Dec 9, 2017.
             Demolished by Sigmund
             ... wielding a +0 scythe
              (15 damage)
             ... on level 2 of the Dungeon.
             The game lasted 00:04:01 (952 turns).

slep the Ducker (Demonspawn Gladiator)               Turns: 952, Time: 00:04:03

Health: -14/27     AC:  3    Str: 13 (15) XL:     3   Next: 71%
Magic:  3/3        EV: 13    Int:  8 (9)  God:
Gold:   52         SH:  0    Dex: 13 (14) Spells: 2/2 levels left

rFire    . . .     SeeInvis .   a - +0 war axe
rCold    . . .     Gourm    .   (no shield)
rNeg     . . .     Faith    .   b - +0 leather armour
rPois    .         Spirit   .   (helmet restricted)
rElec    .         Reflect  .   (no cloak)
rCorr    .         Harm     .   (no gloves)
MR       .....                  (no boots)
Stlth    +.........             (no amulet)
HPRegen  0.09/turn              (no ring)
MPRegen  0.08/turn              (no ring)

@: confused, very slightly contaminated, invisible
A: horns 1
a: no special abilities


You were on level 2 of the Dungeon.
You were not hungry.

You visited 1 branch of the dungeon, and saw 2 of its levels.

You collected 52 gold pieces.

Inventory:

Hand Weapons
 a - a +0 war axe (weapon)
Missiles
 d - 3 throwing nets (quivered)
Armour
 b - a +0 leather armour (worn)
 c - a +0 helmet
Scrolls
 h - a scroll of identify {unknown}
Potions
 e - a potion of invisibility
Comestibles
 f - 2 bread rations
 g - a meat ration


   Skills:
 + Level 2.1 Fighting
 + Level 3.3 Axes
 + Level 1.7 Throwing
 + Level 0.7 Armour
 + Level 3.3 Dodging
 + Level 1.0 Stealth


You had 2 spell levels left.
You didn't know any spells.

Dungeon Overview and Level Annotations

Branches:
Dungeon (2/15)

Altars:

Annotations:
D:2 Sigmund


Innate Abilities, Weirdness & Mutations

You have a pair of small horns on your head.


Message History

The puff of flame misses you.
You see here 8 stones.
You barely miss Sigmund. You headbutt Sigmund.
Sigmund is heavily wounded.
The kobold seems less confused.
Sigmund points at something and mumbles some strange words.
Sigmund closely misses you.
You hit Sigmund.
Sigmund is heavily wounded.
You closely miss the kobold. Sigmund hits you with a scythe.
* * * LOW HITPOINT WARNING * * *
The kobold closely misses you.
You closely miss Sigmund.
Sigmund is heavily wounded.
You hit the kobold.
You kill the kobold!
Sigmund whispers, "You'll know eternity soon."
Sigmund hits you with a scythe!
Ouch! That really hurt!
You die...

#.#.# #.# #....
#.#.###.##...##
#.#.#.........##
#.#.#..........##.
..{###..............>.
......÷.............##
..######....?......>..
###..........###
#......@....##
#.#.÷..@.(..#
###.#....$.[..#
.............)###
###.............#####.##
#.[........(..<......#
#.########.##.#####..#
#. ...##.# ## ######.#


You could see Sigmund.

Vanquished Creatures
  An adder (D:2)
  An ooze (D:1)
  A dart slug (D:1)
  4 bats (D:1)
  5 giant cockroaches (D:1)
  7 goblins
  7 hobgoblins (D:1)
  9 kobolds
  A rat (D:1)
36 creatures vanquished.

Notes
Turn   | Place    | Note
-------+----------+-------------------------------------------
     0 | D:1      | slep the Demonspawn Gladiator began the quest for the Orb.
     0 | D:1      | Reached XP level 1. HP: 16/16 MP: 1/1
    48 | D:1      | Gained mutation: You have a pair of small horns on your head. [demonic ancestry]
    48 | D:1      | Reached XP level 2. HP: 20/22 MP: 2/2
   302 | D:1      | Reached XP level 3. HP: 18/27 MP: 3/3
   617 | D:2      | Reached skill level 1 in Stealth
   634 | D:2      | Noticed Sigmund
   951 | D:2      | HP: 1/27 [Sigmund/scythe (4)]
   952 | D:2      | Demolished by Sigmund

Vault maps used:
D:1:      lemuel_arrival_cross, dk_noncrumbling_3, st_stairs_5
D:2:      uniq_sigmund, uniq_natasha

Skill      XL: |  1  2  3 |
---------------+----------+-----
Dodging        | 3 |  3.3
Axes           | 3 |  3.3
Stealth        | 1 |  1.0
Fighting       | |  2.1
Throwing       | |  1.7
Armour         | |  0.7

Action                   || total
-------------------------++-------
Melee: War axe           ||    96
       Headbutt          ||    12
  Use: Potion            ||     2
 Stab: Sleeping          ||     3
       Invisible         ||     2
Armor: Leather armour    ||    23
Dodge: Dodged            ||    70

Table legend:
 A = Spawn XP
 B = Non-spawn XP
 C = Spawn XP percentage of total XP
 D = Spawn monster count
 E = Non-spawn monster count
 F = Spawn count percentage of total count
 G = Total turns spent on level
                    A         B        C        D         E        F      G
               +---------+---------+-------+---------+---------+-------+---------
         Total |       0 |      81 |   0.0 |       0 |      36 |   0.0 |   952
               +---------+---------+-------+---------+---------+-------+---------
           D:1 |       0 |      62 |   0.0 |       0 |      31 |   0.0 |   872
           D:2 |       0 |      19 |   0.0 |       0 |       5 |   0.0 |    80
               +---------+---------+-------+---------+---------+-------+---------
